 Dungeon Crawl Stone Soup version 0.27.0-1-g7a089689b8 (webtiles) character file.

Game seed: 12212075447187229827

141204 ZARRMARR the Basher (level 16, -22/134 HPs)
             Began as a Minotaur Fighter on Aug 12, 2021.
             Was a High Priest of Okawaru.
             Killed from afar by an ice dragon (40 damage)
             ... with a blast of cold
             ... on level 1 of the Depths on Aug 13, 2021.
             The game lasted 04:48:15 (37864 turns).

ZARRMARR the Basher (Minotaur Fighter)             Turns: 37864, Time: 04:48:15

Health: -22/134    AC: 31    Str: 42    XL:     16   Next: 77%
Magic:  25/27      EV: 11    Int:  8    God:    Okawaru [*****.]
Gold:   2137       SH:  0    Dex: 13    Spells: 22/31 levels left

rFire    + . .     SeeInvis .   X - +4 great mace of the Pits of Slime {protect, rPois rC- Str+2}
rCold    x x .     Faith    +   (shield currently unavailable)
rNeg     + + +     Spirit   .   P - +1 plate armour {rF+}
rPois    +         Reflect  .   A - +0 hat "Oxoch" {rN+++ Str+6 Slay-4 Stlth+}
rElec    +         Harm     .   N - +2 cloak {rCorr}
rCorr    +         Rampage  +   O - +2 pair of gloves of Ru's Grace {rElec}
Will     +++..                  o - +0 pair of boots
Stlth    ..........             l - amulet "Bureule" {Faith Rampage rPois Str+4 Stlth+}
HPRegen  0.32/turn              J - ring of the Mage {Wiz Will++ Int+3}
MPRegen  0.20/turn              D - ring "Redwo" {rElec rC- rCorr Str+5 Slay+4}

@: about to teleport, finesse-ful, flayed, under a protective aura
A: horns 2, retaliatory headbutt
a: Renounce Religion, Heroism, Finesse


You were on level 1 of the Depths.
You worshipped Okawaru.
Okawaru was extremely pleased with you.
You visited 5 branches of the dungeon, and saw 25 of its levels.
You also visited: Gauntlet and Volcano.

You collected 2725 gold pieces.
You spent 588 gold pieces at shops.

Inventory:

Hand Weapons
 e - the +0 flail "Xor Ralu" {venom, rN++ Str+4 Int-5}
   (You found it on level 4 of the Lair of Beasts)

   It poisons the flesh of those it strikes.
   Str:       It affects your strength (+4).
   Int:       It affects your intelligence (-5).
   rN:        It greatly protects you from negative energy.
 m - the +1 hunting sling of the Candelabrum {freeze, rF+}
   (Okawaru gifted it to you on level 3 of the Lair of Beasts)

   Any ammunition fired from it freezes those it strikes, dealing additional
   cold damage.
   It can also slow down cold-blooded creatures.
   rF:        It protects you from fire.
 E - the +7 hand axe "Xenung" {vorpal, rElec}
   (You found it on level 4 of the Lair of Beasts)

   It inflicts extra damage upon your enemies.
   rElec:     It insulates you from electricity.
 K - the +10 rapier "Pararch" {elec, rC+ Str+3 Int+2 Stlth+}
   (You found it on level 7 of the Dungeon)

   It occasionally discharges a powerful burst of electricity upon striking a
   foe.
   Str:       It affects your strength (+3).
   Int:       It affects your intelligence (+2).
   rC:        It protects you from cold.
   Stlth:     It makes you more stealthy.
 L - a +5 quick blade of electrocution
 T - a +3 lajatang of electrocution
 W - the +7 morningstar "Arcanum" {vorpal, Stlth+}
   (Okawaru gifted it to you on level 13 of the Dungeon)

   It inflicts extra damage upon your enemies.
   Stlth:     It makes you more stealthy.
 X - the +4 great mace of the Pits of Slime (weapon) {protect, rPois rC- Str+2}
   (You found it on level 13 of the Dungeon)

   It grants its wielder temporary protection when it strikes (+7 to AC).
   Str:       It affects your strength (+2).
   rC:        It makes you vulnerable to cold.
   rPois:     It protects you from poison.
 Z - a +0 lajatang of flaming
Missiles
 a - 16 javelins
 F - 7 boomerangs (quivered)
 I - 8 silver javelins
Armour
 d - a scarf of resistance
 o - a +0 pair of boots (worn)
 A - the +0 hat "Oxoch" (worn) {rN+++ Str+6 Slay-4 Stlth+}
   (Okawaru gifted it to you on level 15 of the Dungeon)

   Str:       It affects your strength (+6).
   Slay:      It affects your accuracy & damage with ranged weapons and melee
   (-4).
   rN:        It renders you almost immune to negative energy.
   Stlth:     It makes you more stealthy.
 M - a +1 plate armour of cold resistance
 N - a +2 cloak of preservation (worn)
 O - the +2 pair of gloves of Ru's Grace (worn) {rElec}
   (You found it in a Gauntlet)

   rElec:     It insulates you from electricity.
 P - a +1 plate armour of fire resistance (worn)
 U - a +3 buckler of reflection
Magical Staves
 f - a staff of earth
Jewellery
 b - a ring of resist corrosion
 l - the amulet "Bureule" (around neck) {Faith Rampage rPois Str+4 Stlth+}
   (You acquired it on level 2 of the Orcish Mines)

   [amulet of faith]

   It allows you to gain divine favour quickly.
   Str:       It affects your strength (+4).
   rPois:     It protects you from poison.
   Rampage:   It bestows one free step when moving towards enemies.
   Stlth:     It makes you more stealthy.
 s - a ring of protection from cold
 y - a ring of flight
 D - the ring "Redwo" (right hand) {rElec rC- rCorr Str+5 Slay+4}
   (You found it on level 6 of the Lair of Beasts)

   [ring of slaying]

   Str:       It affects your strength (+5).
   Slay:      It affects your accuracy & damage with ranged weapons and melee
   (+4).
   rC:        It makes you vulnerable to cold.
   rElec:     It insulates you from electricity.
   rCorr:     It protects you from acid and corrosion.
 H - a ring of positive energy
 J - the ring of the Mage (left hand) {Wiz Will++ Int+3}
   (You found it on level 7 of the Dungeon)

   [ring of wizardry]

   It improves your spell success rate.
   Int:       It affects your intelligence (+3).
   Will:      It greatly increases your willpower.
Wands
 j - a wand of flame (19)
 t - a wand of iceblast (8)
 z - a wand of paralysis (30)
 G - a wand of polymorph (21)
Scrolls
 c - 3 scrolls of holy word
 q - 2 scrolls of fear
 r - 3 scrolls of enchant weapon
 u - 10 scrolls of fog
 v - 3 scrolls of enchant armour
 Q - 2 scrolls of silence
 S - 4 scrolls of identify
 Y - a scroll of magic mapping
Potions
 h - 4 potions of haste
 i - 10 potions of curing
 k - 5 potions of brilliance
 p - 2 potions of magic
 w - 3 potions of invisibility
 x - 2 potions of berserk rage
 B - 4 potions of resistance
 C - 2 potions of mutation
 R - 2 potions of might
 V - a potion of ambrosia
Miscellaneous
 n - a lightning rod (4/4)


   Skills:
 + Level 10.3 Fighting
 - Level 8.6 Short Blades
 + Level 13.0 Maces & Flails
 - Level 1.0 Polearms
 - Level 0.9 Bows
 - Level 0.9 Crossbows
 + Level 11.6 Throwing
 + Level 11.7 Armour
 + Level 5.6 Dodging
 - Level 8.1 Shields
 * Level 8.2 Spellcasting
 - Level 0.4 Conjurations
 - Level 0.4 Hexes
 - Level 0.4 Summonings
 - Level 0.4 Necromancy
 - Level 0.4 Translocations
 - Level 0.5 Transmutations
 - Level 0.4 Fire Magic
 - Level 0.4 Ice Magic
 - Level 0.9 Air Magic
 * Level 10.0 Earth Magic
 - Level 0.9 Poison Magic
 * Level 10.6 Invocations
 - Level 2.6 Evocations


You had 22 spell levels left.
You knew the following spells:

 Your Spells              Type           Power      Damage    Failure   Level
a - Shatter               Erth           9%         3d11*     100%        9

Your spell library contained the following spells:

 Spells                   Type           Power      Damage    Failure   Level
 Stone Arrow              Conj/Erth      22%        3d8       11%         3
 Lee's Rapid Deconstruct  Erth           9%         3d8*      14%         5
 Animate Skeleton         Necr           8%         N/A       24%         1
 Beastly Appendage        Tmut           8%         N/A       24%         1
 Pain                     Necr           16%        1d4       24%         1
 Corona                   Hex            3%         N/A       26%         1
 Poisonous Vapours        Pois/Air       8%         N/A       30%         2
 Corpse Rot               Necr/Air       N/A        N/A       32%         2
 Wereblood                Tmut           4%         N/A       32%         2
 Ensorcelled Hibernation  Hex/Ice        6%         N/A       34%         2
 Sublimation of Blood     Necr           2%         N/A       34%         2
 Spider Form              Tmut/Pois      2%         N/A       52%         3
 Frozen Ramparts          Ice            8%         1d2       56%         3
 Tukima's Dance           Hex            3%         N/A       56%         3
 Vampiric Draining        Necr           2%         2d6       56%         3
 Bolt of Magma            Conj/Fire/Erth 4%         4d5       86%         5
 Airstrike                Air            2%         N/A       87%         4
 Dispel Undead            Necr           4%         3d7       91%         4
 Fulminant Prism          Conj/Hex       1%         3d6       91%         4
 Ice Form                 Ice/Tmut       4%         N/A       91%         4
 Iskenderun's Mystic Bla  Conj/Tloc      4%         2d3       91%         4
 Summon Ice Beast         Ice/Summ       4%         N/A       91%         4
 Death Channel            Necr           2%         N/A       100%        6
 Haunt                    Necr/Summ      2%         N/A       100%        7
 Summon Hydra             Summ           2%         N/A       100%        7
 Borgnjor's Revivificati  Necr           2%         N/A       100%        8
 Necromutation            Tmut/Necr      2%         N/A       100%        8


Dungeon Overview and Level Annotations

Branches:
Dungeon (15/15)            Temple (1/1) D:4            Lair (6/6) D:10
  Swamp (0/4) Lair:4       Spider (0/4) Lair:3        Slime (0/5) Lair:6
    Orc (2/2) D:10            Elf (0/3) Orc:2        Vaults (0/5) D:14
 Depths (1/5) D:15        Volcano (visited)         Gauntlet (visited)

Altars:
Ashenzari
Cheibriados
Dithmenos
Elyvilon
Fedhas
Gozag
Hepliaklqana
Kikubaaqudgha
Makhleb
Nemelex Xobeh
Okawaru
Qazlal
Ru
Sif Muna
Trog
Uskayaw
Vehumet
Wu Jian
Xom
Yredelemnul
Zin
The Shining One
Lugonu

Shops:
D:4 [   D:11 [   Orc:2 *[=([*

Portals:
Abyss: Lair:6 Depths:1
Trove: D:12 (give 17 potions of curing)


Innate Abilities, Weirdness & Mutations

You have a pair of horns on your head.
You reflexively headbutt those who attack you in melee.


Message History

Unknown command.
The stone giant throws a large rock.
The large rock hits you but does no damage.
Your surroundings suddenly seem different.
An ice dragon comes into view.
The ice dragon roars deafeningly!
A purple ugly thing comes into view.
The purple ugly thing gurgles horribly!
You hear a deafening roar! x2
You hear a shout!
You hear a horrible gurgling sound! x2
A spriggan defender comes into view. It is wielding a +2 vampiric lajatang.
A spriggan rider comes into view. It is wielding a +0 spear.
You hear a shout!
Found a potion of lignification and a war axe.
A spriggan defender comes into view. It is wielding a +0 vorpal flail.
Press: ? - help, v - describe, . - travel
Here: an ice dragon The floor.
Unknown command.
As you read the scroll of teleportation, it crumbles to dust.
You feel strangely unstable.
The spriggan defender barely misses you.
You furiously retaliate!
You headbutt the spriggan defender!
The spriggan rider hits you but does no damage.
A stone giant comes into view.
The stone giant shouts!
You pound the spriggan defender like an anvil!!!
The spriggan defender is almost dead.
You hear a deafening roar!
You hear a horrible gurgling sound! x2
You hear a deafening roar!
You hear a shout!
You hear a horrible gurgling sound!
The spriggan defender hits you with a +2 vampiric lajatang!!
* * * LOW HITPOINT WARNING * * *
The spriggan rider closely misses you.
A vampire mage comes into view.
An ice dragon comes into view.
The spriggan defender barely misses you.
You furiously retaliate!
You headbutt the spriggan defender! The ice dragon breathes frost at you.
The blast of cold hits you!!!
You feel a terrible chill!
You die...

...............
................
.................
....C........)...
#...............
#..............
#..............
#......@.......
#.###.i..i.......
!.Vu.i...........
#D###D...........
#u#
#..............
#C#
#.............. #


TWu #.............. ####u####............... ...#.#................. You could
see an ice dragon (catching breath), a stone giant, 2 spriggan defenders, a
purple ugly thing, a spriggan rider and a vampire mage.

Vanquished Creatures
  Rupert (Orc:1)
  Jorgrun (Orc:1)
  The ghost of barkas the Spear-Bearer, a journeyman CeMo of Okawaru (Orc:1)
  An orc warlord (Orc:1)
  A stone giant (Depths:1)
  Nessos (Lair:6)
  A minotaur (Gauntlet)
  An ettin (Depths:1)
  2 fire dragons
  Harold (D:8)
  7 hydras
  8 vault guards (D:14)
  A centaur warrior (D:15)
  2 boulder beetles (D:15)
  A catoblepas (D:14)
  9 two-headed ogres
  The ghost of robertstho the Thaumaturge, a journeyman DjFE of Gozag (D:10)
  7 death yaks
  A vampire mage (Depths:1)
  4 thrashing horrors (Lair:6)
  4 skeletal warriors (D:15)
  A deep troll (Depths:1)
  A glowing orange brain (D:15)
  2 bog bodies (Lair:4)
  A lindwurm (Lair:4)
  4 wizards
  Pikel (D:9)
  5 harpies (D:15)
  3 deep elf pyromancers
  An orc sorcerer (Orc:2)
  2 orc knights (Orc:1)
  6 cyclopes
  13 ugly things
  6 oklob plants
  3 manticores
  4 salamanders
  11 slime creatures
  7 black mambas
  14 elephants
  A water nymph (shapeshifter) (D:15)
  A gargoyle (D:12)
  An ice statue (Lair:6)
  12 cane toads
  A smoke demon (Lair:6)
  A kobold demonologist (D:12)
  10 komodo dragons
  5 rime drakes
  An efreet (Gauntlet)
  An ice devil (Lair:6)
  3 ancient zymes (Lair:6)
  5 trolls
  4 polar bears
  14 meliai
  2 queen bees
  A hornet (D:10)
  27 blink frogs
  A spriggan (Lair:6)
  A vampire (D:12)
  A spriggan (shapeshifter) (D:14)
  9 wyverns
  41 yaks
  7 fire bats (Volcano)
  A wraith (D:12)
  3 ynoxinuls (Lair:6)
  9 small abominations (Lair:6)
  3 fire elementals (Gauntlet)
  7 basilisks
  4 steam dragons
  12 vampire mosquitoes (D:14)
  A chaos spawn (Lair:6)
  An acid dragon (shapeshifter) (Lair:6)
  An acid dragon (D:6)
  5 wargs
  12 water moccasins
  2 hell hounds (Gauntlet)
  2 large abominations (Lair:6)
  36 orc warriors
  8 ice beasts
  2 sky beasts (D:8)
  12 ogres
  3 wolves (Lair:5)
  3 necrophages
  A phantom (D:6)
  A lemure (D:9)
  14 centaurs
  3 kobold brigands
  2 scorpions
  9 bullfrogs
  2 gnoll sergeants (D:7)
  A wyvern zombie (D:8)
  2 water moccasin skeletons
  40 killer bees
  An electric eel (Lair:4)
  3 howler monkeys
  A bullfrog zombie (D:7)
  5 centaur zombies
  2 hounds
  8 orc priests
  3 centaur skeletons
  3 jellies (D:7)
  3 gnoll shamans (D:7)
  10 orc wizards
  2 iguanas
  2 hell rats (Lair:5)
  2 hound skeletons
  A howler monkey zombie (D:6)
  20 gnolls
  7 adders
  A river rat (Lair:5)
  A shadow imp (D:6)
  2 white imps (Lair:6)
  An ufetubus (D:5)
  An adder skeleton (D:3)
  57 orcs
  11 endoplasms
  5 giant cockroaches
  21 hobgoblins
  7 jackals
  21 kobolds
  6 quokkas
  4 ball pythons
  8 bats
  3 frilled lizards (D:2)
  9 goblins
  A quokka skeleton (D:2)
  4 rats
729 creatures vanquished.

Vanquished Creatures (others)
  28 fungi
  134 plants
162 creatures vanquished.

Grand Total: 891 creatures vanquished

Notes
Turn   | Place    | Note
-------+----------+-------------------------------------------
     0 | D:1      | ZARRMARR the Minotaur Fighter began the quest for the Orb.
     0 | D:1      | Reached XP level 1. HP: 19/19 MP: 0/0
   111 | D:1      | Reached XP level 2. HP: 19/27 MP: 1/1
   534 | D:1      | Reached skill level 3 in Maces & Flails
   847 | D:1      | Found a faded altar of an unknown god.
   947 | D:2      | Found a glowing golden altar of the Shining One.
  1019 | D:2      | Reached XP level 3. HP: 31/33 MP: 2/2
  1335 | D:2      | Reached XP level 4. HP: 40/40 MP: 3/3
  1864 | D:3      | Reached skill level 1 in Throwing
  1967 | D:3      | Reached skill level 4 in Maces & Flails
  2290 | D:3      | Reached XP level 5. HP: 46/46 MP: 4/4
  2695 | D:4      | Found a transporter.
  2767 | D:4      | Found an ancient bone altar of Kikubaaqudgha.
  2786 | D:4      | Found a transporter.
  3034 | D:4      | Noticed an ice beast
  3036 | D:4      | Noticed an ice beast
  3055 | D:4      | Found Fietris's Armour Boutique.
  3056 | D:4      | Found a staircase to the Ecumenical Temple.
  3100 | Temple   | Entered the Ecumenical Temple
  3141 | Temple   | Became a worshipper of Warmaster Okawaru
  3545 | D:4      | Found a sparkling altar of Nemelex Xobeh.
  3795 | D:5      | Entered Level 5 of the Dungeon
  3799 | D:5      | Reached XP level 6. HP: 53/53 MP: 5/5
  3925 | D:5      | Reached skill level 1 in Dodging
  3929 | D:5      | Reached skill level 5 in Maces & Flails
  4047 | D:5      | Reached * piety under Okawaru
  4313 | D:5      | Reached skill level 5 in Armour
  4313 | D:5      | Reached XP level 7. HP: 57/60 MP: 6/6
  4350 | D:5      | Reached skill level 5 in Shields
  4766 | D:5      | Found a blossoming altar of Fedhas.
  4814 | D:5      | Found a sacrificial altar of Ru.
  5012 | D:6      | Reached skill level 6 in Maces & Flails
  5443 | D:6      | Reached ** piety under Okawaru
  5812 | D:7      | Reached XP level 8. HP: 56/67 MP: 7/7
  5872 | D:7      | Reached skill level 5 in Fighting
  5908 | D:7      | Reached skill level 1 in Earth Magic
  6131 | D:7      | Reached skill level 1 in Spellcasting
  6553 | D:7      | Reached skill level 7 in Maces & Flails
  7037 | D:7      | Found a shimmering altar of Xom.
  7089 | D:7      | Found the ring of the Mage {Wiz Will++ Int+3}
  7235 | D:7      | Reached *** piety under Okawaru
  7324 | D:7      | Reached XP level 9. HP: 48/74 MP: 10/10
  7333 | D:7      | Reached skill level 5 in Throwing
  7333 | D:7      | Reached skill level 1 in Invocations
  7665 | D:7      | Identified the +10 rapier "Pararch" {elec, rC+ Str+3 Int+2
                  | Stlth+}
  7796 | D:7      | Found a stormy altar of Qazlal.
  7844 | D:7      | Found an ornate altar of the Wu Jian Council.
  8665 | D:8      | Noticed Harold
  8672 | D:8      | Killed Harold
  8672 | D:8      | Reached **** piety under Okawaru
  8801 | D:8      | Reached XP level 10. HP: 74/83 MP: 13/13
  8887 | D:8      | Found a shadowy altar of Dithmenos.
  9052 | D:8      | Noticed a two-headed ogre
  9062 | D:8      | Killed a two-headed ogre
  9062 | D:8      | Received a gift from Okawaru
  9272 | D:8      | Reached ***** piety under Okawaru
  9278 | D:8      | Received a gift from Okawaru
  9781 | D:9      | Noticed a two-headed ogre
  9862 | D:8      | Killed a two-headed ogre
  9862 | D:8      | Received a gift from Okawaru
 10043 | D:9      | Noticed a two-headed ogre
 10047 | D:9      | Killed a two-headed ogre
 10048 | D:9      | Reached skill level 5 in Short Blades
 10207 | D:9      | Noticed Pikel
 10216 | D:9      | Killed Pikel
 10216 | D:9      | Received a gift from Okawaru
 10324 | D:9      | Received a gift from Okawaru
 10435 | D:9      | Found a burning altar of Makhleb.
 10499 | D:9      | Noticed a two-headed ogre
 10508 | D:9      | Killed a two-headed ogre
 10509 | D:9      | Reached skill level 5 in Earth Magic
 10509 | D:9      | Reached XP level 11. HP: 80/91 MP: 15/15
 10798 | D:10     | Entered Level 10 of the Dungeon
 10955 | D:10     | Found a staircase to the Orcish Mines.
 11150 | D:10     | Found a transporter.
 11152 | D:10     | Found a transporter.
 11155 | D:10     | Noticed robertstho's ghost (journeyman DjFE)
 11518 | D:10     | Found a staircase to the Lair.
 11518 | D:10     | Noticed a death yak
 11518 | D:10     | Noticed a death yak
 11518 | D:10     | Noticed a death yak
 11529 | D:10     | Killed a death yak
 11540 | D:10     | Killed a death yak
 11540 | D:10     | Received a gift from Okawaru
 11541 | D:10     | Reached skill level 5 in Invocations
 11549 | D:10     | Killed a death yak
 11751 | D:10     | Found a shimmering blue altar of Sif Muna.
 12294 | D:11     | Found Myzxec Peyr's Antique Armour Emporium.
 12967 | D:12     | Noticed a white ugly thing
 12971 | D:12     | Killed a white ugly thing
 13029 | D:12     | Noticed a five-headed hydra
 13036 | D:12     | Killed a five-headed hydra
 13625 | D:12     | Received a gift from Okawaru
 13972 | D:12     | Noticed a soul eater
 13980 | D:12     | Reached XP level 12. HP: 59/97 MP: 15/18
 14753 | D:12     | Found a portal to a secret trove of treasure.
 15067 | D:13     | Identified the +7 morningstar "Arcanum" {vorpal, Stlth+}
                  | (Okawaru gifted it to you on level 13 of the Dungeon)
 15067 | D:13     | Received a gift from Okawaru
 15099 | D:13     | Reached skill level 5 in Spellcasting
 15269 | D:13     | Noticed a two-headed ogre
 15276 | D:13     | Killed a two-headed ogre
 15346 | D:13     | Identified the +4 great mace of the Pits of Slime {protect,
                  | rPois rC- Str+2}
 15880 | D:10     | Killed robertstho's ghost
 16252 | Lair:1   | Entered Level 1 of the Lair of Beasts
 16784 | Lair:1   | Reached skill level 8 in Maces & Flails
 16979 | Lair:1   | Found a blossoming altar of Fedhas.
 17358 | Lair:2   | Found a dark tunnel.
 17370 | Volcano  | Entered a volcano
 17375 | Volcano  | Noticed a two-headed ogre
 17375 | Volcano  | Noticed a two-headed ogre
 17385 | Volcano  | Killed a two-headed ogre
 17385 | Volcano  | Received a gift from Okawaru
 17390 | Volcano  | Killed a two-headed ogre
 17479 | Volcano  | Reached ****** piety under Okawaru
 17479 | Volcano  | Received a gift from Okawaru
 17613 | Volcano  | Reached XP level 13. HP: 59/107 MP: 13/20
 17740 | Volcano  | Noticed a fire dragon
 17754 | Volcano  | Killed a fire dragon
 17826 | Volcano  | Received a gift from Okawaru
 18761 | Lair:2   | Reached skill level 1 in Polearms
 18761 | Lair:2   | Reached skill level 5 in Dodging
 18761 | Lair:2   | Reached skill level 1 in Evocations
 18761 | Lair:2   | Reached XP level 14. HP: 115/115 MP: 21/21
 18890 | Lair:2   | Found an iron altar of Okawaru.
 19112 | Lair:3   | Identified the +1 hunting sling of the Candelabrum {freeze,
                  | rF+} (Okawaru gifted it to you on level 3 of the Lair of
                  | Beasts)
 19112 | Lair:3   | Received a gift from Okawaru
 19359 | Lair:3   | Found a hole to the Spider Nest.
 20602 | Lair:4   | Found a staircase to the Swamp.
 20610 | Lair:4   | Reached skill level 10 in Throwing
 20614 | Lair:4   | Reached skill level 9 in Maces & Flails
 20986 | Lair:4   | Identified the +0 flail "Xor Ralu" {venom, rN++ Str+4
                  | Int-5}
 21081 | Lair:4   | Identified the +7 hand axe "Xenung" {vorpal, rElec}
 21363 | Lair:4   | Received a gift from Okawaru
 22546 | Lair:5   | Reached skill level 10 in Armour
 22671 | Lair:5   | Received a gift from Okawaru
 23077 | Lair:5   | Reached skill level 10 in Maces & Flails
 23795 | Lair:5   | Received a gift from Okawaru
 23796 | Lair:5   | Reached XP level 15. HP: 54/124 MP: 4/23
 25081 | Lair:6   | Entered Level 6 of the Lair of Beasts
 25108 | Lair:6   | Noticed Nessos
 25141 | Lair:6   | Killed Nessos
 25141 | Lair:6   | Received a gift from Okawaru
 26145 | Lair:6   | Reached skill level 11 in Maces & Flails
 26205 | Lair:6   | Got the Tome of Dark Rites and Air
 26269 | Lair:6   | Identified the ring "Redwo" {rElec rC- rCorr Str+5 Slay+4}
 26418 | Lair:6   | Got Woemem Weacy's Handbook of Liberalism
 26768 | Lair:6   | Found a staircase to the Slime Pits.
 27144 | Lair:6   | Received a gift from Okawaru
 27668 | Lair:6   | Received a gift from Okawaru
 27863 | Lair:6   | Found a corrupted altar of Lugonu.
 27863 | Lair:6   | Found a one-way gate to the infinite horrors of the Abyss.
 28686 | Orc:1    | Entered Level 1 of the Orcish Mines
 28740 | Orc:1    | Noticed barkas's ghost (journeyman CeMo)
 28748 | Orc:1    | Found a transporter.
 28751 | Orc:1    | Found a transporter.
 28761 | Orc:1    | Noticed an orc warlord
 28772 | Orc:1    | Killed an orc warlord
 28917 | Orc:1    | Noticed Jorgrun
 28934 | Orc:1    | Killed Jorgrun
 29874 | Orc:2    | Entered Level 2 of the Orcish Mines
 29875 | Orc:2    | Noticed Rupert
 29898 | Orc:1    | Killed Rupert
 31013 | Orc:2    | Found Icabudoe's Armour Shoppe.
 31013 | Orc:2    | Found Kuafal's Jewellery Boutique.
 31015 | Orc:2    | Found Asikkug's Antique Weapon Shop.
 31017 | Orc:2    | Found Yvvo's Assorted Antiques.
 31030 | Orc:2    | Received a gift from Okawaru
 31248 | Orc:2    | Bought a scroll of identify for 44 gold pieces
 31248 | Orc:2    | Bought a scroll of identify for 44 gold pieces
 31248 | Orc:2    | Identified a scroll of acquirement
 31326 | Orc:2    | Found a staircase to the Elven Halls.
 31668 | Orc:2    | Found Liof's Assorted Antiques.
 31668 | Orc:2    | Found Jasug's Armour Shop.
 31702 | Orc:2    | Bought a glowing emerald potion for 26 gold pieces
 31702 | Orc:2    | Bought a scroll of identify for 58 gold pieces
 31705 | Orc:2    | Acquired the amulet "Bureule" {Faith Rampage rPois Str+4
                  | Stlth+}
 32081 | Orc:2    | Bought a scarf of resistance for 416 gold pieces
 32206 | Orc:1    | Killed barkas's ghost
 32207 | Orc:1    | Reached skill level 12 in Maces & Flails
 32207 | Orc:1    | Reached skill level 10 in Invocations
 32640 | D:14     | Found a gate leading to a gauntlet.
 32648 | Gauntlet | Entered a Gauntlet
 32648 | Gauntlet | Found a transporter.
 32651 | Gauntlet | Found a transporter.
 32668 | Gauntlet | Found a transporter.
 32671 | Gauntlet | Found a transporter.
 32681 | Gauntlet | Found a transporter.
 32701 | Gauntlet | Found a transporter.
 32704 | Gauntlet | Found a transporter.
 32708 | Gauntlet | Found a transporter.
 32735 | Gauntlet | Found a transporter.
 32743 | Gauntlet | Found a transporter.
 32743 | Gauntlet | Found a transporter.
 32751 | Gauntlet | Found a transporter.
 32862 | Gauntlet | Learned a level 9 spell: Shatter
 33088 | Gauntlet | Reached XP level 16. HP: 94/133 MP: 21/26
 33289 | Gauntlet | Received a gift from Okawaru
 33729 | Gauntlet | Identified the +2 pair of gloves of Ru's Grace {rElec}
 33946 | Gauntlet | Identified the +6 quarterstaff of the World {venom, rElec
                  | Stlth+}
 34340 | D:14     | Received a gift from Okawaru
 34351 | D:14     | You fall into a shaft and drop 1 floor!
 34351 | D:15     | Entered Level 15 of the Dungeon
 35421 | D:14     | Found a gate to the Vaults.
 35456 | D:14     | Received a gift from Okawaru
 35475 | D:14     | Reached skill level 10 in Fighting
 35877 | D:14     | Received a gift from Okawaru
 36439 | D:15     | Identified the +0 hat "Oxoch" {rN+++ Str+6 Slay-4 Stlth+}
                  | (Okawaru gifted it to you on level 15 of the Dungeon)
 36439 | D:15     | Received a gift from Okawaru
 36770 | D:15     | Found a staircase to the Depths.
 36772 | D:15     | Paralysed by a floating eye for 2 turns
 37106 | Depths:1 | Entered Level 1 of the Depths
 37562 | Depths:1 | Found a radiant altar of Vehumet.
 37842 | Depths:1 | Reached skill level 10 in Earth Magic
 37853 | Depths:1 | Reached skill level 13 in Maces & Flails
 37864 | Depths:1 | Killed from afar by an ice dragon

Illustrated notes

Levels and vault maps discovered:
D:1:      beargit_arrival_greenhouse, layout_rooms,
          shapermc_ecumenical_altar_acropolis
D:2:      layout_rooms, basic_altar, minmay_worlds_worst_comb
D:3:      layout_basic
D:4:      gammafunk_cloud_chamber, layout_cave_pools,
          mainiacjoe_overflow_24_doors, mainiacjoe_overflow_alcove_4,
          temple_fountains, serial_shops, nicolae_shop_stone,
          minmay_fountain_box, kennysheep_small_spiral
D:5:      layout_loops_ring, nicolae_ru_path_of_blood, lemuel_crystal_altar,
          grunt_ministairs_9, kennysheep_generic_room_16
D:6:      layout_loops_cross, nrook_campfire, amcnicky_mini_pool_small
D:7:      kennysheep_housing_project, layout_basic, dk_xom_monty_hall,
          marbit_many_paths, nicolae_wu_jian_wuxing_cycle
D:8:      kennysheep_ambush_hall, layout_gridville,
          mainiacjoe_overflow_small_starburst, uniq_harold
D:9:      layout_basic, bloody_makhleb, uniq_pikel
D:10:     layout_roguey, kennysheep_little_box, dpeg_lair_monsters, erik_orc_3,
          gammafunk_ghost_hive
D:11:     layout_layer_cave, serial_shops, nicolae_diamond_shop,
          chequers_serial_rivers_micro_b, bh_walls_and_bars
D:12:     layout_stronghold, nicolae_trove_entry_columns
D:13:     layout_roguey
D:14:     layout_loops_corners, erik_vaults_2, gauntlet_entry_generic,
          grunt_decor_fettered
D:15:     hangedman_depths_entry_try_elsewhere_first, layout_cave_pods,
          minivault_27
Temple:   minmay_temple_bridge_abc
Lair:1:   layout_regular_city, hangedman_tree_tricks, st_stairs_7,
          minmay_stone_trees_large, beast_lair_carwin_11
Lair:2:   layout_regular_city, nicolae_volcano_entry_hallway, basic_altar
Lair:3:   layout_gridlike, spider_nest_entry_web_field
Lair:4:   layout_loops_ring, skrybe_swamp_entry_bodies, grunt_megastairs_1,
          serial_bayou_shore_a, lemuel_fruit_tree
Lair:5:   regret_index_combs_of_tragedy, layout_loops_ring, serial_bayou_pond_a
Lair:6:   hellmonk_lair_end_abyssal_woods, layout_regular_city,
          minmay_slime_entry_oklob_enclosed, ice2_lemuel, uniq_nessos
Orc:1:    layout_caves, gammafunk_ghost_arena, uniq_jorgrun
Orc:2:    st_orc_rangers, layout_caves, serial_shops, nicolae_shop_statue_plus,
          shop, uniq_rupert
Depths:1: grunt_crosshair, layout_cave_shapes, fiery_altar_vehumet, abyss_entry,
          grunt_hell_horde, minmay_crystal_box

Skill      XL: |  1  2  3  4  5  6  7  8  9 10 11 12 13 14 15 16 |
---------------+-------------------------------------------------+-----
Armour         | 4 5 6 7 8 9 10 11 | 11.7
Shields        | 4 5 6 7 8 |  8.1
Maces & Flails | 3 4 5 6 7 8 10 12 13 | 13.0
Fighting       | 4 5 6 7 8 9 10 | 10.3
Throwing       | 2 3 4 5 6 7 8 9 10 11 | 11.6
Dodging        | 1 2 4 5 |  5.6
Earth Magic    | 2 3 5 6 7 8 9 10 | 10.0
Spellcasting   | 1 2 3 4 5 6 7 8 |  8.2
Invocations    | 3 4 6 7 8 10 | 10.6
Short Blades   | 3 5 7 8 |  8.6
Polearms       | 1 |  1.0
Evocations     | 1 2 |  2.6
Bows           | |  0.9
Crossbows      | |  0.9
Conjurations   | |  0.4
Hexes          | |  0.4
Summonings     | |  0.4
Necromancy     | |  0.4
Translocations | |  0.4
Transmutations | |  0.5
Fire Magic     | |  0.4
Ice Magic      | |  0.4
Air Magic      | |  0.9
Poison Magic   | |  0.9

Action                   |  1- 3 |  4- 6 |  7- 9 | 10-12 | 13-15 | 16-18 || total
-------------------------+-------+-------+-------+-------+-------+-------++-------
Melee: Flail             |   111 |   119 |   161 |       |       |       ||   391
       Headbutt          |     9 |    20 |    48 |    89 |   180 |    78 ||   424
       Rapier            |       |       |    49 |   273 |   126 |       ||   448
       Great mace        |       |       |       |   111 |   649 |   201 ||   961
       Staff             |       |       |       |       |    16 |    16 ||    32
Throw: Stone             |    59 |     8 |       |       |    17 |       ||    84
       Dart              |     8 |    66 |    63 |    38 |    47 |       ||   222
       Javelin           |       |       |       |    59 |   108 |       ||   167
       Boomerang         |       |       |       |   109 |   277 |   135 ||   521
Invok: Heroism           |       |       |       |    10 |     2 |     3 ||    15
       Finesse           |       |       |       |     3 |    25 |     3 ||    31
Evoke: Wand              |       |       |       |       |    71 |       ||    71
       Lightning rod     |       |       |       |       |     4 |       ||     4
  Use: Scroll            |     1 |     5 |     6 |    12 |    14 |     4 ||    42
       Potion            |       |       |     6 |     3 |     9 |     1 ||    19
 Stab: Sleeping          |       |       |     1 |       |     1 |       ||     2
       Invisible         |       |       |       |       |     1 |       ||     1
Armor: Scale mail        |    76 |    61 |    18 |       |       |       ||   155
       Acid dragon scale |       |       |    58 |     1 |       |       ||    59
       Chain mail        |       |       |       |   175 |    16 |       ||   191
       Plate armour      |       |       |       |       |   531 |   118 ||   649
       Skin              |       |       |       |       |    12 |       ||    12
Dodge: Dodged            |    42 |    39 |    75 |   139 |   416 |    95 ||   806
Block: Kite shield       |    86 |    74 |   101 |    80 |       |       ||   341
       Buckler           |       |       |       |    43 |    40 |       ||    83
       Reflection        |       |       |       |    10 |     2 |       ||    12
